[ AOE2 MATCH · #507270232 ]
UnrankedCumans vs Tupi
Player's team · WIN
Rival team · LOSS
[ REPLAY ANALYSIS · EXTRACTED FROM THE RECORDED GAME ]
Feudal
8:50
Castle
—
Imperial
—
| APM avg | 105.0 |
| APM peak | 154 |
| eAPM avg | 36.4 |
| Villagers / military | 35 / 40 |
Focus
⚔️ 48.4% · 🌾 51.6%
Archer ×22 · Skirmisher ×14 · Battering Ram ×4
Feudal
8:51
Castle
—
Imperial
—
| APM avg | 67.1 |
| APM peak | 118 |
| eAPM avg | 30.6 |
| Villagers / military | 37 / 13 |
Focus
⚔️ 55.2% · 🌾 44.8%
Skirmisher ×13 · Unknown (2550) ×9
Match map
Initial resources + every placement click. Lines = walls · curves = elevation contours. ◆ gold · ⬟ stone · ● berries · ✦ relic · ◌ wall gap
Your base· Open — unwalled flank
Dennis哥's base· Open — unwalled flank
Smoothed initial terrain · ◌ = detected wall gap · hover for details
Inputs per minute
— VIT Liereyy - - Dennis哥
Build order — VIT Liereyy
114 actions detected in the replay
| 0:00 | Queue | Villager (Male) |
| 0:00 | Queue | Villager (Male) |
| 0:02 | Build | House |
| 0:02 | Build | House |
| 0:11 | Queue | Villager (Male) |
| 0:11 | Queue | Villager (Male) |
| 0:11 | Queue | Villager (Male) |
| 1:25 | Queue | Villager (Male) |
| 1:26 | Queue | Villager (Male) |
| 1:47 | Build | Lumber Camp |
| 1:58 | Queue | Villager (Male) |
| 1:58 | Queue | Villager (Male) |
| 2:10 | Queue | Villager (Male) |
| 2:42 | Queue | Villager (Male) |
| 2:43 | Queue | Villager (Male) |
| 2:43 | Queue | Villager (Male) |
| 3:06 | Queue | Villager (Male) |
| 3:07 | Queue | Villager (Male) |
| 3:23 | Queue | Villager (Male) |
| 3:24 | Queue | Villager (Male) |
| 3:33 | Build | House |
| 3:51 | Queue | Villager (Male) |
| 3:51 | Queue | Villager (Male) |
| 4:12 | Build | Mill |
| 4:20 | Queue | Villager (Male) |
| 4:20 | Queue | Villager (Male) |
| 4:20 | Queue | Villager (Male) |
| 5:04 | Research | Loom |
| 5:27 | Queue | Villager (Male) |
| 5:27 | Research | Loom |
| 6:31 | Research | Feudal Age |
| 6:32 | Research | Feudal Age |
| 6:53 | Build | Mining Camp |
| 7:01 | Build | House |
| 7:03 | Build | Palisade Wall |
| 7:05 | Build | Palisade Wall |
| 7:25 | Queue | Villager (Male) |
| 7:42 | Build | Palisade Wall |
| 7:50 | Build | Barracks |
| 7:52 | Build | Palisade Wall |
| 8:15 | Build | Palisade Wall |
| 8:50 | Age | Feudal Age |
| 8:54 | Build | Archery Range |
| 8:58 | Research | Double-Bit Axe |
| 8:59 | Queue | Villager (Male) |
| 9:02 | Build | Archery Range |
| 9:40 | Build | Palisade Gate |
| 9:41 | Queue | Villager (Male) |
| 9:48 | Queue | Archer |
| 9:53 | Queue | Archer |
| 10:01 | Build | Blacksmith |
| 10:15 | Queue | Villager (Male) |
| 10:22 | Queue | Archer |
| 10:22 | Queue | Archer |
| 11:01 | Research | Fletching |
| 11:02 | Research | Fletching |
| 11:15 | Build | House |
| 11:23 | Queue | Archer |
| 11:23 | Queue | Archer |
| 11:26 | Build | Lumber Camp |
| 11:28 | Build | Palisade Wall |
| 11:42 | Queue | Archer |
| 12:11 | Queue | Archer |
| 12:11 | Queue | Archer |
| 12:20 | Build | House |
| 12:43 | Queue | Villager (Male) |
| 12:56 | Queue | Archer |
| 13:29 | Build | Siege Workshop |
| 13:32 | Queue | Archer |
| 13:32 | Queue | Archer |
| 13:45 | Queue | Archer |
| 13:47 | Queue | Villager (Male) |
| 14:06 | Queue | Archer |
| 14:16 | Queue | Archer |
| 14:16 | Queue | Archer |
| 15:02 | Queue | Battering Ram |
| 15:02 | Queue | Battering Ram |
| 15:05 | Queue | Villager (Male) |
| 15:14 | Queue | Skirmisher |
| 15:14 | Queue | Skirmisher |
| 15:16 | Queue | Villager (Male) |
| 15:16 | Queue | Villager (Male) |
| 15:26 | Build | House |
| 15:32 | Queue | Archer |
| 15:50 | Build | Farm |
| 15:52 | Queue | Skirmisher |
| 15:52 | Queue | Skirmisher |
| 16:01 | Queue | Skirmisher |
| 16:01 | Queue | Skirmisher |
| 16:17 | Build | Farm |
| 16:20 | Build | House |
| 16:31 | Queue | Skirmisher |
| 16:31 | Queue | Skirmisher |
| 16:46 | Queue | Skirmisher |
| 16:59 | Queue | Archer |
| 17:20 | Queue | Skirmisher |
| 17:21 | Queue | Skirmisher |
| 17:38 | Queue | Skirmisher |
| 17:38 | Queue | Skirmisher |
| 18:08 | Queue | Skirmisher |
| 18:13 | Build | Farm |
| 18:13 | Build | Farm |
| 18:21 | Queue | Villager (Male) |
| 18:24 | Build | Farm |
| 18:35 | Queue | Archer |
| 18:49 | Queue | Archer |
| 18:51 | Build | House |
| 19:05 | Build | Farm |
| 19:20 | Queue | Archer |
| 19:20 | Queue | Archer |
| 19:25 | Queue | Villager (Male) |
| 20:02 | Queue | Villager (Male) |
| 20:04 | Queue | Battering Ram |
| 20:04 | Queue | Battering Ram |
Build order — Dennis哥
96 actions detected in the replay
| 0:00 | Queue | Villager (Male) ×4 |
| 0:01 | Build | House |
| 0:02 | Build | House |
| 1:00 | Queue | Villager (Male) |
| 1:29 | Queue | Villager (Male) |
| 1:44 | Build | Settlement |
| 2:00 | Queue | Villager (Male) |
| 2:12 | Queue | Villager (Male) |
| 2:47 | Queue | Villager (Male) |
| 2:48 | Queue | Villager (Male) |
| 3:33 | Queue | Villager (Male) |
| 3:33 | Queue | Villager (Male) |
| 3:33 | Queue | Villager (Male) |
| 4:04 | Queue | Villager (Male) |
| 4:48 | Queue | Villager (Male) |
| 4:48 | Queue | Villager (Male) |
| 5:05 | Build | Barracks |
| 5:10 | Build | House |
| 5:22 | Queue | Villager (Male) |
| 5:22 | Research | Loom |
| 6:38 | Research | Feudal Age |
| 6:58 | Queue | Unit 2550 |
| 7:26 | Build | Settlement |
| 7:40 | Queue | Unit 2550 |
| 7:41 | Queue | Villager (Male) |
| 8:14 | Queue | Unit 2550 |
| 8:51 | Age | Feudal Age |
| 8:52 | Research | Tech 1402 |
| 8:56 | Build | Watch Tower |
| 8:58 | Research | Double-Bit Axe |
| 8:58 | Research | Double-Bit Axe |
| 9:18 | Queue | Villager (Male) |
| 9:49 | Queue | Villager (Male) |
| 9:50 | Build | Settlement |
| 10:23 | Queue | Villager (Male) |
| 10:35 | Queue | Unit 2550 |
| 10:41 | Build | House |
| 10:44 | Build | Farm |
| 10:45 | Build | Farm |
| 10:56 | Build | House |
| 10:59 | Build | Palisade Wall |
| 10:59 | Build | Palisade Wall |
| 11:02 | Queue | Villager (Male) |
| 11:20 | Build | Watch Tower |
| 11:25 | Queue | Villager (Male) |
| 11:31 | Queue | Unit 2550 |
| 11:58 | Queue | Villager (Male) |
| 12:00 | Build | Archery Range |
| 12:24 | Queue | Villager (Male) |
| 12:38 | Queue | Skirmisher |
| 12:43 | Build | Blacksmith |
| 12:53 | Queue | Villager (Male) |
| 13:13 | Queue | Skirmisher |
| 13:24 | Build | Watch Tower |
| 13:28 | Build | Watch Tower |
| 13:29 | Queue | Villager (Male) |
| 13:37 | Queue | Skirmisher |
| 14:00 | Research | Padded Archer Armor |
| 14:00 | Research | Padded Archer Armor |
| 14:09 | Queue | Skirmisher |
| 14:20 | Build | Archery Range |
| 14:42 | Build | House |
| 14:51 | Queue | Villager (Male) |
| 15:01 | Queue | Villager (Male) |
| 15:21 | Build | Watch Tower |
| 15:32 | Build | Farm |
| 15:33 | Build | Farm |
| 15:34 | Build | Farm |
| 15:52 | Queue | Skirmisher |
| 15:52 | Queue | Skirmisher |
| 15:57 | Build | Farm |
| 16:00 | Build | Farm |
| 16:11 | Queue | Villager (Male) |
| 16:14 | Build | House |
| 16:26 | Build | Farm |
| 16:37 | Build | Watch Tower |
| 16:43 | Queue | Skirmisher |
| 16:55 | Build | Palisade Wall |
| 16:56 | Build | Palisade Wall |
| 16:59 | Queue | Skirmisher |
| 16:59 | Queue | Skirmisher |
| 17:00 | Queue | Skirmisher |
| 17:15 | Queue | Villager (Male) |
| 17:36 | Queue | Skirmisher |
| 17:36 | Queue | Skirmisher |
| 17:58 | Queue | Unit 2550 |
| 18:15 | Queue | Villager (Male) |
| 18:30 | Queue | Skirmisher |
| 18:32 | Queue | Unit 2550 |
| 18:35 | Queue | Villager (Male) |
| 18:50 | Queue | Unit 2550 |
| 19:05 | Queue | Villager (Male) |
| 19:30 | Queue | Villager (Male) |
| 19:49 | Queue | Villager (Male) |
| 19:53 | Queue | Unit 2550 |
| 20:00 | Queue | Villager (Male) |
Match timeline
| 5:05 | Dennis哥 · first_building Barracks |
| 7:03 | VIT Liereyy · wall_segment Palisade Wall x1 |
| 7:05 | VIT Liereyy · wall_segment Palisade Wall x1 |
| 7:42 | VIT Liereyy · wall_segment Palisade Wall x1 |
| 7:50 | VIT Liereyy · first_building Barracks |
| 7:52 | VIT Liereyy · wall_segment Palisade Wall x1 |
| 8:15 | VIT Liereyy · wall_segment Palisade Wall x1 |
| 8:50 | VIT Liereyy · age_up feudal |
| 8:51 | Dennis哥 · age_up feudal |
| 8:54 | VIT Liereyy · first_building Archery Range |
| 10:59 | Dennis哥 · wall_segment Palisade Wall x1 |
| 10:59 | Dennis哥 · wall_segment Palisade Wall x1 |
| 11:28 | VIT Liereyy · wall_segment Palisade Wall x1 |
| 12:00 | Dennis哥 · first_building Archery Range |
| 13:29 | VIT Liereyy · first_building Siege Workshop |
| 16:55 | Dennis哥 · wall_segment Palisade Wall x1 |
| 16:56 | Dennis哥 · wall_segment Palisade Wall x1 |
| 20:09 | Dennis哥 · resign |
[ AI ANALYSIS · 1 CREDIT ]
What really happened in this match?
Wolo.gg analyzes every decision: build order, eco, micro, common mistakes by bracket. Personalized analysis on WhatsApp or Discord in 30 seconds.
Civ guide
Cumans
Perfil
Liereyy